 Dungeon Crawl Stone Soup version 0.32-a0-120-gfac0567ad4 (webtiles) character file.

Game seed: 16420013017895191467

2585 zeratav the Placeless Oni (level 9, 0/96 HPs)
             Began as an Oni Warper on Feb 6, 2024.
             Was a Believer of the Shining One.
             Slain by a bullfrog (7 damage)
             ... on level 7 of the Dungeon.
             The game lasted 00:29:17 (10337 turns).

zeratav the Placeless Oni (Oni Warper)             Turns: 10337, Time: 00:29:18

Health: 0/96       AC:  4    Str: 21    XL:     9   Next: 58%
Magic:  7/21       EV:  9    Int: 14    God:    the Shining One [**....]
Gold:   421        SH:  0    Dex:  8    Spells: 6/12 levels left

rFire   . . .        F - +5 mace {mace}
rCold   . . .        (no shield)
rNeg    + . .        b - +0 robe
rPois   .            (helmet restricted)
rElec   .            v - +0 cloak
rCorr   .            (gloves unavailable)
SInv    +            (boots unavailable)
Will    .....        (no amulet)
Stlth   +            f - ring of magical power
HPRegen 0.36/turn    y - ring of see invisible
MPRegen 0.17/turn

%: no passive effects
@: glowing
A: large, unfitting armour, horns 1, tough skin 1, double potion healing,
drunken brawling
a: Renounce Religion, Divine Shield


You were on level 7 of the Dungeon.
You worshipped the Shining One.
The Shining One was pleased with you.
You visited 2 branches of the dungeon, and saw 9 of its levels.

You collected 421 gold pieces.


Innate Abilities, Weirdness & Mutations

You are too large for most types of armour.
You have a pair of small horns on your head.
You have tough skin. (AC +1)
You gain doubled healing and magic from potions.
Whenever you drink a healing potion, you attack all around you.


   Skills:
 - Level 8.0 Fighting
 - Level 6.0 Maces & Flails
 - Level 1.0 Throwing
 - Level 2.1 Dodging
 - Level 2.4 Spellcasting
 + Level 9.5 Translocations


You had 6 spell levels left.
You knew the following spells:

 Your Spells              Type           Power      Damage    Failure   Level
a - Blink                 Tloc           56%        N/A       1%          2
b - Manifold Assault      Tloc           28%        N/A       4%          4

Your spell library contained the following spells:

 Spells                   Type           Power      Damage    Failure   Level
 Lesser Beckoning         Tloc           56%        N/A       1%          2
 Teleport Other           Tloc           28%        N/A       1%          3
 Volatile Blastmotes      Fire/Tloc      28%        2d12      10%         3
 Foxfire                  Conj/Fire      4%         2x1d4     22%         1
 Sandblast                Erth           2%         2d4       22%         1
 Vhi's Electric Charge    Tloc/Air       28%        N/A       32%         4
 Cigotuvi's Dreadful Rot  Necr/Alch/Air  2%         N/A       34%         2
 Dazzling Flash           Conj/Hex       2%         N/A       56%         3
 Passwall                 Erth           1%         N/A       56%         3
 Stone Arrow              Conj/Erth      2%         3d7       56%         3
 Brom's Barrelling Bould  Conj/Erth      1%         2d3       92%         4
 Dispel Undead            Necr           1%         3d6       92%         4
 Flame Wave               Conj/Fire      1%         2d4       92%         4
 Ignite Poison            Fire/Alch      1%         N/A       92%         4
 Freezing Cloud           Conj/Ice/Air   0%         6-21      99%         5
 Death Channel            Necr           0%         N/A       100%        6
 Plasma Beam              Fire/Air       0%         2x1d10    100%        6
 Starburst                Conj/Fire      0%         6d3       100%        6
 Maxwell's Capacitive Co  Air            0%         ∞         100%        8

Inventory:

Hand Weapons
 a - a +0 arbalest {crossbow}
   (You took it off an orc warrior on level 7 of the Dungeon)
 c - a +0 dire flail {mace}
   (You took it off an orc warrior on level 7 of the Dungeon)
 k - a +1 dagger of protection {short}
   (You took it off a goblin on level 1 of the Dungeon)
 t - a +3 flail {mace}
   (You took it off an orc on level 3 of the Dungeon)
 F - a +5 mace (weapon) {mace}
   (You took it off a wight on level 7 of the Dungeon)
 I - a +2 battleaxe {axe}
   (You took it off a wight on level 7 of the Dungeon)
Missiles
 d - 5 darts of dispersal {=fthrowing}
 B - 6 silver javelins {throwing}
 J - 2 javelins {throwing}
 M - 2 boomerangs (quivered) {throwing}
Armour
 b - a +0 robe (worn)
 v - a +0 cloak (worn)
   (You found it on level 3 of the Dungeon)
Jewellery
 f - a ring of magical power (left hand)
   (You found it on level 5 of the Dungeon)
 o - an amulet of guardian spirit
   (You found it on level 2 of the Dungeon)
 y - a ring of see invisible (right hand)
   (You found it on level 4 of the Dungeon)
 D - a +6 ring of intelligence
   (You found it on level 6 of the Dungeon)
 G - an amulet of magic regeneration
   (You found it on level 7 of the Dungeon)
Scrolls
 g - a scroll of vulnerability {!r!r}
 h - 3 scrolls of amnesia
 j - a scroll of fog
 n - a scroll of poison {!r}
 p - a scroll of fear {unknown}
 q - 3 scrolls of revelation
 r - a scroll of torment {unknown}
 s - 2 scrolls of enchant armour {unknown}
 u - a scroll of teleportation {unknown}
 z - 2 scrolls of immolation {unknown}
 E - a scroll of butterflies {unknown}
Potions
 e - a potion of invisibility {unknown}
 i - 3 potions of curing {@q1}
 l - 2 potions of ambrosia
 m - a potion of might
 w - 2 potions of brilliance {unknown}
 x - a potion of attraction {unknown}
 A - a potion of enlightenment {unknown}
 H - a potion of berserk rage {unknown}
 K - a potion of haste {unknown}

Dungeon Overview and Level Annotations

Branches:
Dungeon (8/15) Zot: 26682  Temple (1/1) D:4 Zot: 5952
   Lair: D:8-11

Altars:
Ashenzari
Cheibriados
Dithmenos
Fedhas
Gozag
Hepliaklqana
Kikubaaqudgha
Makhleb
Nemelex Xobeh
Ru
Sif Muna
Trog
Uskayaw
Vehumet
Wu Jian
Xom
Yredelemnul
Zin
The Shining One

Shops:
D:1 *=   D:2 :   D:7 [

Annotations:
D:2 exclusion: downstairs
D:3 exclusion: downstairs
D:4 3 runed translucent doors, Charlie33ad's ghost, amateur FeSh; Grinder; Ijyb; Menkaure
D:6 exclusion: downstairs
D:7 exclusion: 2 downstairs

#........#
############
###........#
#...o.O....#
#.[........#
#.#######.##
##..........#
#.#<)O.o..#
.....########
#.#..###..# .....#
#.#..# #..#
.....###### #.#..#
#..#
.....##[..#######.####
#..#
.....''...'.....@.#
#..#
.....##...######.F#
#..#
............#.....#
#..#
##...######.#.##.###
#..## ##...#
#.#......# #...#
.#...# #.####.#.#
##### .#...# #.# #.#.#
.#...######.# #.#.#
.'...'...##.####.#.#


You could see a bullfrog.


Message History

Why would you want to do that?
You now have 421 gold pieces (gained 9).
The two-headed ogre shouts in stereo!
Something shouts, "Away with thee, thou craven kobold-kissing apple-john!"
A shadow imp comes into view.
Casting: Manifold Assault (dangerous; 4% risk of failure)
Confirm with . or Enter, or press ? or * to list all spells.
Space momentarily warps into an impossible shape!
You closely miss the shadow imp.
You hit the two-headed ogre but do no damage.
MP[-4]
You lost 4 mp, and now have 17/21 mp.
Casting: Manifold Assault (dangerous; 4% risk of failure)
Confirm with . or Enter, or press ? or * to list all spells.
Space momentarily warps into an impossible shape!
You hit the two-headed ogre. You closely miss the shadow imp.
MP[-4]
You lost 4 mp, and now have 13/21 mp.
Casting: Manifold Assault (dangerous; 4% risk of failure)
Confirm with . or Enter, or press ? or * to list all spells.
Space momentarily warps into an impossible shape!
You completely miss the two-headed ogre.
You sock the shadow imp!
MP[-4]
You lost 4 mp, and now have 9/21 mp.
Casting: Manifold Assault (dangerous; 4% risk of failure)
Confirm with . or Enter, or press ? or * to list all spells.
Space momentarily warps into an impossible shape!
You thump the two-headed ogre! You barely miss the shadow imp.
The two-headed ogre hits you with a +0 giant spiked club!!
The two-headed ogre completely misses you.
HP[-28] MP[-4]
You take 28 damage, and now have 68/96 hp.
MASSIVE DAMAGE!! (PAUSE)
You lost 4 mp, and now have 5/21 mp.
You sock the two-headed ogre!
You punch the two-headed ogre, but do no damage.
The two-headed ogre hits you with a +0 giant spiked club!
The two-headed ogre hits you with a +0 giant club!
* * * LOW HITPOINT WARNING * * *
HP[-23] MP[+1]
You take 23 damage, and now have 45/96 hp.
MASSIVE DAMAGE!! (PAUSE)
You hit the two-headed ogre.
Your headbutt misses the two-headed ogre.
The two-headed ogre hits you with a +0 giant spiked club!!
* * * LOW HITPOINT WARNING * * *
The two-headed ogre hits you with a +0 giant club!!
* * * LOW HITPOINT WARNING * * *
HP[-43]
You take 43 damage, and now have 2/96 hp.
MASSIVE DAMAGE!! (PAUSE)
Casting: Manifold Assault (dangerous; 4% risk of failure)
Confirm with . or Enter, or press ? or * to list all spells.
You blink.
HP[+1] MP[-2]
You lost 2 mp, and now have 4/21 mp.
A bullfrog comes into view.
The bullfrog gives a loud, deep croak!
HP[+1]
The bullfrog releases a deep croak.
MP[+1]
You feel ready to blink again. The bullfrog hits you.
* * * LOW HITPOINT WARNING * * *
HP[-3]
You take 3 damage, and now have 1/96 hp.
You take a swig of the potion and twirl your +5 mace {mace}.
You barely miss the bullfrog.
You savour every drop.
You feel better. The bullfrog barely misses you.
HP[+18]
You regained 18 hp, and now have 19/96 hp.
The bullfrog attacks as it pursues you! The bullfrog closely misses you. x2
HP[+1]
The bullfrog attacks as it pursues you! The bullfrog closely misses you.
There is a stone staircase leading up here.
MP[+1]
The bullfrog barely misses you. The bullfrog closely misses you.
You climb upwards.
Level annotation: exclusion: 2 downstairs
There is a stone staircase leading down here.
HP[+1]
You barely miss the bullfrog. The bullfrog barely misses you.
The bullfrog hits you.
* * * LOW HITPOINT WARNING * * *
You completely miss the bullfrog. You headbutt the bullfrog.
The bullfrog barely misses you.
You hit the bullfrog. The bullfrog hits you.
* * * LOW HITPOINT WARNING * * *
The bullfrog hits you!
* * * LOW HITPOINT WARNING * * *
HP[-11] MP[+1]
You take 11 damage, and now have 10/96 hp.
You barely miss the bullfrog. Your headbutt misses the bullfrog.
The bullfrog hits you.
* * * LOW HITPOINT WARNING * * *
HP[-3]
You take 3 damage, and now have 7/96 hp.
You closely miss the bullfrog. The bullfrog hits you!
You die...

Skill      XL: |  1  2  3  4  5  6  7  8  9 |
---------------+----------------------------+-----
Fighting       | 3 4 5 6 7 8 |  8.0
Maces & Flails | 3 4 5 6 |  6.0
Translocations | 4 7 9 |  9.5
Throwing       | |  1.0
Dodging        | |  2.1
Spellcasting   | |  2.4

Action                     |  1- 3 |  4- 6 |  7- 9 || total
---------------------------+-------+-------+-------++-------
  Melee: Mace              |    53 |       |    28 ||    81
         Headbutt          |    25 |    37 |    48 ||   110
         Punch             |     4 |     5 |    14 ||    23
         Dagger            |    56 |   170 |       ||   226
         Flail             |       |    31 |   188 ||   219
  Throw: Boomerang         |    30 |    22 |    42 ||    94
         Dart              |       |     2 |       ||     2
         Stone             |       |       |     5 ||     5
         Javelin           |       |       |     3 ||     3
   Cast: Blink             |     1 |     4 |     3 ||     8
         Manifold Assault  |       |       |    22 ||    22
    Use: Scroll            |       |     8 |     5 ||    13
         Potion            |       |       |     1 ||     1
   Stab: Sleeping          |     1 |       |       ||     1
 Armour: Robe              |    84 |   181 |   180 ||   445
  Dodge: Dodged            |    46 |   101 |    94 ||   241

Levels and vault maps discovered:
D:1:      dpeg_arrival_boxorama, layout_basic, serial_shops, shop, shop
D:2:      layout_basic, dreamdust_ecumenical_altar_hidden_monk_grotto,
          serial_shops, shop, uniq_terence
D:3:      layout_basic, nicolae_overflow_hidden_temple
D:4:      layout_basic, kennysheep_okawaru_gauntlet,
          minmay_temple_entry_offerings, ebering_ghost_rock_garden,
          uniq_menkaure, uniq_blork_the_orc, uniq_grinder, uniq_ijyb
D:5:      layout_layer_cave, nicolae_ru_path_of_blood, uniq_prince_ribbit1
D:6:      layout_basic, nicolae_overflow_squiral,
          chequers_serial_rivers_micro_e, interstate_on_off
D:7:      layout_basic, mainiacjoe_overflow_cross_hatched, serial_shops,
          nicolae_shop_temple_entry_statues_fountains, worms_lemuel
D:8:      minmay_bubble_buster, layout_basic, pf_just_have_faith, uniq_gastronok
Temple:   hellmonk_temple_forest_ring

Notes
Turn   | Place    | Note
-------+----------+-------------------------------------------
     0 | D:1      | zeratav the Oni Warper began the quest for the Orb.
     0 | D:1      | Reached XP level 1. HP: 22/22 MP: 3/3
     0 | D:1      | magus.rc [v1.9.6]
    65 | D:1      | Reached skill level 3 in Fighting
    82 | D:1      | Reached XP level 2. HP: 26/31 MP: 5/5
   130 | D:1      | Found Baururiu's Jewellery Shop.
   247 | D:1      | Found Vumeq's General Store.
   450 | D:1      | You pick up a book of Geomancy and begin reading...
   450 | D:1      | You add the spells Sandblast, Passwall, Stone Arrow and
                  | Brom's Barrelling Boulder to your library.
   462 | D:1      | Learned a level 2 spell: Blink
   832 | D:1      | Reached XP level 3. HP: 39/39 MP: 6/6
  1319 | D:2      | Reached skill level 4 in Fighting
  1319 | D:2      | Reached skill level 3 in Maces & Flails
  1319 | D:2      | You fall into a shaft and drop 2 floors!
  1422 | D:4      | Noticed a phantom
  1566 | D:3      | Reached XP level 4. HP: 26/49 MP: 7/7
  1744 | D:2      | Found Teuhaihi's Book Shoppe.
  1926 | D:2      | Found a faded altar of an unknown god.
  2104 | D:2      | HP: 12/49 [poisoned by an adder]
  2261 | D:2      | Noticed Terence
  2285 | D:2      | Killed Terence
  2286 | D:2      | Reached skill level 5 in Fighting
  2286 | D:2      | Reached XP level 5. HP: 32/57 MP: 5/8
  3097 | D:3      | Found a broken altar of Ashenzari.
  3366 | D:4      | Noticed Grinder
  3594 | D:4      | Found a staircase to the Ecumenical Temple.
  3599 | D:4      | Noticed Ijyb
  3600 | D:4      | Noticed Menkaure
  3601 | Temple   | Entered the Ecumenical Temple
  3640 | Temple   | Became a worshipper of the Shining One
  3671 | D:3      | HP: 14/57 [acid (2)]
  3673 | D:3      | HP: 4/57 [acid (6)]
  4010 | D:5      | Entered Level 5 of the Dungeon
  4294 | D:5      | Reached skill level 4 in Maces & Flails
  4294 | D:5      | Noticed an ice beast
  4314 | D:5      | Noticed Prince Ribbit
  4393 | D:4      | Found a runed translucent gate.
  4394 | D:4      | Found a runed translucent gate.
  4394 | D:4      | Found a runed translucent gate.
  4395 | D:4      | Noticed Charlie33ad's ghost (amateur FeSh)
  4395 | D:4      | Noticed Blork the orc
  4420 | D:4      | HP: 13/57 [Blork the orc/+0 short sword (5)]
  4425 | D:4      | Killed Blork the orc
  4426 | D:4      | Reached skill level 6 in Fighting
  4426 | D:4      | Reached XP level 6. HP: 13/67 MP: 5/9
  4699 | D:4      | You pick up a book of Fire and begin reading...
  4699 | D:4      | You add the spells Foxfire, Plasma Beam and Starburst to
                  | your library.
  4944 | D:5      | Noticed a black bear
  5016 | D:5      | Killed a black bear
  5402 | D:5      | Reached skill level 5 in Maces & Flails
  5500 | D:5      | Reached skill level 7 in Fighting
  5500 | D:5      | Reached XP level 7. HP: 69/78 MP: 10/10
  5630 | D:5      | Killed Prince Ribbit
  5941 | D:5      | Reached skill level 8 in Fighting
  5941 | D:5      | Reached skill level 6 in Maces & Flails
  5941 | D:5      | Reached skill level 3 in Translocations
  6066 | D:5      | Found a sacrificial altar of Ru.
  6183 | D:6      | HP: 16/77 [wight/+4 great sword (18)]
  6185 | D:6      | Reached skill level 4 in Translocations
  6185 | D:6      | Reached XP level 8. HP: 18/87 MP: 4/11
  6575 | D:6      | Reached skill level 5 in Translocations
  6729 | D:6      | Reached * piety under the Shining One
  6807 | D:5      | HP: 22/88 [orc warrior/+0 hand axe (8)]
  7019 | D:6      | Reached skill level 6 in Translocations
  7193 | D:6      | Found a basalt altar of Yredelemnul.
  7207 | D:6      | Found an ornate altar of the Wu Jian Council.
  7421 | D:7      | Learned a level 4 spell: Manifold Assault
  7544 | D:7      | HP: 22/88 [orc/+0 short sword (1)]
  7549 | D:7      | HP: 17/88 [phantom (3)]
  7555 | D:7      | Reached skill level 7 in Translocations
  7799 | D:7      | Found a burning altar of Makhleb.
  7825 | D:7      | HP: 20/82 [wight/+3 battleaxe (9)]
  7827 | D:7      | HP: 2/79 [wight/+3 battleaxe (14)]
  8142 | D:7      | Reached XP level 9. HP: 74/86 MP: 12/12
  8350 | D:7      | Reached skill level 8 in Translocations
  8356 | D:7      | Found Bitiqydu's Antique Armour Emporium.
  8363 | D:7      | You pick up a book of Spectacle and begin reading...
  8363 | D:7      | You add the spells Volatile Blastmotes, Dazzling Flash and
                  | Maxwell's Capacitive Coupling to your library.
  8380 | D:7      | HP: 22/90 [orc warrior/bolt (8)]
  8393 | D:7      | HP: 18/90 [orc wizard/puff of flame (9)]
  8871 | D:7      | You add the spells Cigotuvi's Dreadful Rot, Ignite Poison
                  | and Freezing Cloud to your library.
  8884 | D:7      | Reached ** piety under the Shining One
  9497 | D:7      | Reached skill level 9 in Translocations
 10005 | D:7      | You add the spells Flame Wave, Dispel Undead and Death
                  | Channel to your library.
 10005 | D:7      | Got the Vellum of the Searing Mausoleum
 10022 | D:8      | Noticed a two-headed ogre
 10074 | D:8      | Noticed a two-headed ogre
 10254 | D:8      | Found an ancient bone altar of Kikubaaqudgha.
 10319 | D:8      | HP: 22/96 [two-headed ogre/+0 giant spiked club (23)]
 10319 | D:8      | HP: 2/96 [two-headed ogre/+0 giant spiked club (20)]
 10326 | D:8      | HP: 1/96 [bullfrog (4)]
 10333 | D:7      | HP: 21/96 [bullfrog (1)]
 10335 | D:7      | HP: 10/96 [bullfrog (8)]
 10337 | D:7      | Slain by a bullfrog

Vanquished Creatures
  Prince Ribbit (D:5)
  2 swamp worms (D:7)
  3 orc warriors
  An ice beast (D:5)
  A black bear (D:5)
  4 phantoms
  A centaur (D:7)
  Blork the orc (D:4)
  A bullfrog (D:7)
  A scorpion (D:5)
  11 wights
  A hound (D:7)
  A bombardier beetle (D:5)
  3 orc priests
  2 sleepcaps
  Terence (D:2)
  6 orc wizards
  9 adders
  A white imp (D:4)
  2 ufetubi (D:6)
  A dart slug (D:2)
  A ribbon worm (D:4)
  14 orcs
  3 bats
  5 endoplasms
  A giant cockroach (D:4)
  3 hobgoblins
  7 jackals (D:1)
  6 kobolds
  2 quokkas (D:1)
  6 ball pythons (D:1)
  3 frilled lizards
  5 goblins
  3 rats (D:2)
113 creatures vanquished.

Table legend:
 A = Non-vault XP
 B = Vault XP
 C = Vault XP percentage of total XP
 D = Non-vault monster count
 E = Vault monster count
 F = Vault count percentage of total count
                 A         B        C        D         E       F
            +---------+---------+-------+---------+---------+-------
      Total |    2952 |     742 |  20.1 |     108 |       5 |   4.4
            +---------+---------+-------+---------+---------+-------
        D:1 |      42 |       0 |   0.0 |      25 |       0 |   0.0
        D:2 |      65 |      36 |  35.6 |      16 |       1 |   5.9
        D:3 |      37 |       0 |   0.0 |       7 |       0 |   0.0
        D:4 |      21 |     100 |  82.6 |       6 |       1 |  14.3
        D:5 |     712 |     274 |  27.8 |      12 |       1 |   7.7
        D:6 |     621 |       0 |   0.0 |      16 |       0 |   0.0
        D:7 |    1454 |     332 |  18.6 |      26 |       2 |   7.1
            +---------+---------+-------+---------+---------+-------

Skill      XL: |  1  2  3  4  5  6  7  8  9 |
---------------+----------------------------+-----
Fighting       | 3 4 5 6 7 8 |  8.0
Maces & Flails | 3 4 5 6 |  6.0
Translocations | 4 7 9 |  9.5
Throwing       | |  1.0
Dodging        | |  2.1
Spellcasting   | |  2.4

Action                     |  1- 3 |  4- 6 |  7- 9 || total
---------------------------+-------+-------+-------++-------
  Melee: Mace              |    53 |       |    28 ||    81
         Headbutt          |    25 |    37 |    48 ||   110
         Punch             |     4 |     5 |    14 ||    23
         Dagger            |    56 |   170 |       ||   226
         Flail             |       |    31 |   188 ||   219
  Throw: Boomerang         |    30 |    22 |    42 ||    94
         Dart              |       |     2 |       ||     2
         Stone             |       |       |     5 ||     5
         Javelin           |       |       |     3 ||     3
   Cast: Blink             |     1 |     4 |     3 ||     8
         Manifold Assault  |       |       |    22 ||    22
    Use: Scroll            |       |     8 |     5 ||    13
         Potion            |       |       |     1 ||     1
   Stab: Sleeping          |     1 |       |       ||     1
 Armour: Robe              |    84 |   181 |   180 ||   445
  Dodge: Dodged            |    46 |   101 |    94 ||   241

Illustrated notes

Table legend:
 A = Kills in this place as a percentage of kills in the entire game.
 B = Kills by you in this place as a percentage of kills by you in the entire game.
 C = Kills by friends in this place as a percentage of kills by friends in the entire game.
 D = Other kills in this place as a percentage of other kills in the entire game.
 E = Experience gained in this place as a percentage of experience gained in the entire game.
 F = Experience gained in this place divided by the number of levels of this place that you have seen.
                   A       B       C       D       E      F
               +-------+-------+-------+-------+-------+----------------------
         Total | 100.0 | 100.0 |   N/A |   N/A | 100.0 | 410.4
       Dungeon | 100.0 | 100.0 |   N/A |   N/A | 100.0 | 461.8
               +-------+-------+-------+-------+-------+----------------------

Table legend: (Time is in decaauts)
 A = Elapsed time spent in this place.
 B = Non-inter-level travel time spent in this place.
 C = Inter-level travel time spent in this place.
 D = Time resting spent in this place.
 E = Time spent auto-exploring this place.
 F = Levels seen in this place.
 G = Mean time per level.
                   A        B        C        D        E       F      G
               +--------+--------+--------+--------+--------+-----+--------+
         Total |  10409 |   9789 |    620 |   2689 |   4859 |   9 | 1156.6 |
       Dungeon |  10362 |   9788 |    574 |   2689 |   4859 |   8 | 1295.2 |
        Temple |     47 |      1 |     46 |      0 |      0 |   1 |   47.0 |
               +--------+--------+--------+--------+--------+-----+--------+

Top non-repeatable levels by time:
     D:5: 2192 daAuts
     D:7: 2156 daAuts
     D:6: 1403 daAuts
     D:2: 1265 daAuts
     D:1: 1177 daAuts
     D:4: 1005 daAuts
     D:3: 939 daAuts
     D:8: 222 daAuts
  Temple: 47 daAuts
